 Dungeon Crawl Stone Soup version 0.31-a0-596-g831eee08f1 (webtiles) character file.

Game seed: 1532526240522085886

250634 rjrrt the Warrior (level 19, -7/166 HPs)
             Began as a Minotaur Berserker on Aug 20, 2023.
             Was the Champion of Trog.
             Killed by divine providence
             ... invoked by a daeva
              (10 damage)
             ... on level 2 of the Abyss on Aug 21, 2023.
             The game lasted 01:18:57 (28647 turns).

rjrrt the Warrior (Minotaur Berserker)             Turns: 28647, Time: 01:18:57

Health: -7/166     AC: 34    Str: 24    XL:     19   Next: 30%
Magic:  18/18      EV: 24    Int: -2 (-1) God:    Trog [******]
Gold:   2013       SH: 12    Dex: 13    Spells: 18/18 levels left

rFire   + + +        f - +6 broad axe of Cowardice {flame, rC+ Dex+3}
rCold   . . .        W - +4 buckler of Virtue {rPois Int+2}
rNeg    . . .        C - +4 plate armour of Immorality {Fly rF+++ Int-3 Stlth+}
rPois   +            D - +2 hat {Stlth+}
rElec   .            q - +2 cloak {rF+}
rCorr   .            m - +2 pair of gloves
SInv    .            j - +0 pair of boots
Will    +....        e - amulet of regeneration Stlth
                     Q - ring of the Hare {EV+10}
HPRegen 1.27/turn    H - +4 ring of slaying
MPRegen 0.16/turn

%: random rage (9%)
@: on berserk cooldown, flying, slowed, lost intelligence, glowing, unable to
read, unable to drink, very slow
A: horns 2, retaliatory headbutt, [berserk 2], [clumsy 1], [deterioration 2],
[dopey 2], [frail 1], [screaming 2], [weak 2], [no potion heal 1], [cold
vulnerability 1], [heat vulnerability 1], [inability to drink after injury 2],
[inability to read after injury 1]
}: 1/15 runes: decaying
a: Renounce Religion, Berserk, Trog's Hand, Brothers in Arms


You were on level 2 of the Abyss.
You worshipped Trog.
Trog was exalted by your worship.
You visited 4 branches of the dungeon, and saw 28 of its levels.
You visited the Abyss 1 time.
You also visited: Sewer, Bailey, Gauntlet and Volcano.

You collected 3280 gold pieces.
You spent 1267 gold pieces at shops.

Inventory:

Hand Weapons
 a - the +6 broad axe of Massacring {heavy, Dex+7}
   (Trog gifted it to you on level 10 of the Dungeon)

   Dex+7:     It affects your dexterity (+7).
 b - a +3 trident of draining
 f - the +6 broad axe of Cowardice (weapon) {flame, rC+ Dex+3}
   (Trog gifted it to you on level 14 of the Dungeon)

   Dex+3:     It affects your dexterity (+3).
   rC+:       It protects you from cold.
Missiles
 z - 14 boomerangs (quivered)
 G - 2 throwing nets
 S - 6 silver javelins
Armour
 j - a +0 pair of boots (worn)
 m - a +2 pair of gloves (worn)
 q - a +2 cloak of fire resistance (worn)
 C - the +4 plate armour of Immorality (worn) {Fly rF+++ Int-3 Stlth+}
   (You found it on level 4 of the Swamp)

   Int-3:     It affects your intelligence (-3).
   rF+++:     It renders you almost immune to fire.
   Fly:       It grants you flight.
   Stlth+:    It makes you more stealthy.
 D - a +2 hat of stealth (worn)
 W - the +4 buckler of Virtue (worn) {rPois Int+2}
   (You found it on level 11 of the Dungeon)

   Int+2:     It affects your intelligence (+2).
   rPois:     It protects you from poison
Jewellery
 e - an amulet of regeneration (around neck)
 n - a ring of flight
 o - a ring of protection from cold
 p - a +4 ring of protection
 t - a ring of positive energy
 E - a ring of see invisible
 H - a +4 ring of slaying (right hand)
 Q - the ring of the Hare (left hand) {EV+10}
   (You found it in a Gauntlet)

   [ring of evasion]

   EV+10:     It affects your evasion (+10).
 R - a ring of resist corrosion
 Z - a ring of protection from fire
Wands
 v - a wand of paralysis (14)
 A - a wand of roots (5)
 B - a wand of mindburst (21)
 J - a wand of acid (18)
 N - a wand of digging (9)
Scrolls
 c - 5 scrolls of enchant armour
 d - a scroll of revelation
 i - 3 scrolls of fear
 r - 7 scrolls of blinking
 u - 4 scrolls of fog
 w - 9 scrolls of teleportation
 x - 9 scrolls of identify
 y - 4 scrolls of immolation
 L - 3 scrolls of silence
 M - 3 scrolls of enchant weapon
 O - 2 scrolls of poison
 U - 2 scrolls of butterflies
Potions
 g - 15 potions of curing
 h - 10 potions of might
 k - 11 potions of heal wounds
 l - 7 potions of lignification
 s - 6 potions of mutation
 F - 4 potions of haste
 I - 4 potions of invisibility
 K - 5 potions of attraction
 V - 2 potions of ambrosia
 Y - 3 potions of enlightenment


   Skills:
 + Level 20.1 Fighting
 - Level 20.0 Axes
 - Level 4.0 Throwing
 + Level 19.8 Armour
 + Level 18.2 Dodging
 - Level 15.2 Shields
 - Level 4.0 Evocations


You had 18 spell levels left.
You didn't know any spells.
Your spell library was empty.

Dungeon Overview and Level Annotations

Branches:
Dungeon (15/15)            Temple (0/1) D:4            Lair (5/5) D:9
  Swamp (4/4) Lair:2       Spider (0/4) Lair:3        Slime (0/5) Lair:4
    Orc (0/2) D:11         Vaults (4/5) D:14          Crypt (0/3) Vaults:2
 Depths (0/4) D:15          Sewer (visited)          Bailey (visited)
Volcano (visited)         Gauntlet (visited)

Altars:
Dithmenos
Okawaru
Jiyva

Shops:
D:1 :?*::   D:6 [   D:7 [   D:12 :   D:13 *   Vaults:3 [(([

Portals:
Trove: D:14 (give 14 scrolls of teleportation)

Annotations:
D:4 2 transporters, redkitty's ghost, amateur DrIE
D:6 2 runed translucent doors, Mickster's ghost, novice HOBe
Lair:1 3 runed translucent doors, 2 transporters, Fractals's ghost, journeyman DsSh
Swamp:4 Roxanne


Innate Abilities, Weirdness & Mutations

You have a pair of horns on your head.
You reflexively headbutt those who attack you in melee.
[You have an uncontrollable temper.]
[You are clumsy. (Dex -2)]
[Your body often deteriorates upon taking damage.]
[You are very dopey. (Int -4)]
[You are frail. (-10% HP)]
[You frequently scream uncontrollably at your foes.]
[You are very weak. (Str -4)]
[Potions are less effective at restoring your health.]
[You are vulnerable to cold. (rC-)]
[You are vulnerable to heat. (rF-)]
[You sometimes lose the ability to drink potions when taking damage.]
[You occasionally lose the ability to read scrolls when taking damage.]


Message History

The bone dragon tramples you.
* * * LOW HITPOINT WARNING * * *
You hold your ground!
The daeva calls down the wrath of the Shining One upon you.
The Shining One smites you!
* * * LOW HITPOINT WARNING * * *
You slice the bone dragon!! You burn the bone dragon.
The bone dragon is heavily damaged.
The bone dragon bites you but does no damage.
The bone dragon completely misses you. You block the bone dragon's attack.
The daeva calls down the wrath of the Shining One upon you.
The Shining One smites you!
* * * LOW HITPOINT WARNING * * *
Unknown command.
You slash the bone dragon! You burn the bone dragon.
You headbutt the bone dragon.
The bone dragon is severely damaged.
The bone dragon bites you but does no damage.
The bone dragon completely misses you. You block the bone dragon's attack.
The daeva calls down the wrath of the Shining One upon you.
The Shining One smites you!
* * * LOW HITPOINT WARNING * * *
You slash the bone dragon! You burn the bone dragon.
Your headbutt misses the bone dragon.
The bone dragon is severely damaged.
The bone dragon barely misses you. The bone dragon claws you!
* * * LOW HITPOINT WARNING * * *
The bone dragon barely misses you.
Unknown command.
Unknown command.
You cannot drink potions in your current state!
You slash the bone dragon! You burn the bone dragon.
You headbutt the bone dragon.
The bone dragon is almost destroyed.
The bone dragon bites you.
* * * LOW HITPOINT WARNING * * *
You block the bone dragon's attack. The bone dragon closely misses you.
The daeva calls down the wrath of the Shining One upon you.
The Shining One smites you!
You die...

.......#.....
......##)..##
.......#.....#
.............##
... #........#
#...A....#
...... .#.....##
.###...###...##
# ....#.@...#
.........D....#
# .............#
..............#
#.#.....#.....##
#...###...##
.....#..... ...
.....# ..


You could see a bone dragon and a daeva.

Vanquished Creatures
  the Lernaean hydra (Swamp:4)
  Norris (Vaults:1)
  A titan (Vaults:1)
  3 sphinxes
  Gastronok (D:9)
  2 thorn hunters
  Kirke (D:12)
  A frost giant (Vaults:3)
  A revenant (Vaults:2)
  An azure jelly (Lair:4)
  8 vault wardens
  2 fire giants
  A curse skull (Vaults:2)
  12 ironbound preservers
  2 formless jellyfish
  The ghost of Moig the Grappler, a journeyman TrWr of Wu Jian (Lair:5)
  3 ironbound thunderhulks
  Nessos (D:15)
  A deep elf demonologist (Vaults:4)
  An eleionoma (Swamp:2)
  A minotaur (Gauntlet)
  21 dire elephants
  3 bunyips
  2 deep elf death magi
  2 entropy weavers
  A crystal guardian (Vaults:3)
  A fire dragon (D:11)
  4 great orbs of eyes
  9 yaktaur captains
  11 vault guards
  An ice dragon (Lair:5)
  A peacekeeper (Vaults:3)
  Harold (D:9)
  A catoblepas (Lair:3)
  20 hydras
  A ghost crab (Swamp:3)
  9 ironbound frosthearts
  15 centaur warriors
  2 alligators (Swamp:1)
  2 dancing weapons (D:14)
  11 boulder beetles
  6 two-headed ogres
  2 thrashing horrors (Abyss:2)
  14 death yaks
  A hell knight (Volcano)
  3 wretched stars (Abyss:2)
  2 large abominations (Gauntlet)
  Amaemon (Lair:3)
  Lodul (D:13)
  7 skysharks
  A spectral death yak (Lair:5)
  A salamander mystic (Volcano)
  A spectral anaconda (Lair:5)
  8 swamp dragons (Swamp:4)
  4 skeletal warriors (D:15)
  2 goliath frogs
  5 spriggan druids
  36 deep trolls
  4 wizards
  An obsidian statue (Lair:5)
  A glowing orange brain (Abyss:2)
  12 bog bodies
  10 lindwurms
  Pikel (D:8)
  12 ironbound convokers
  A phantasmal warrior (Vaults:2)
  10 harpies
  5 necromancers
  3 deep elf pyromancers
  5 cyclopes
  2 will-o-the-wisps
  16 ugly things
  5 manticores
  6 salamanders (Volcano)
  36 elephants
  A guardian serpent (shapeshifter) (D:14)
  A smoke demon (Abyss:2)
  15 vault sentinels
  5 black mambas
  Jeremiah (D:6)
  2 gargoyles
  An orange demon (Lair:3)
  19 cane toads
  2 torpor snails
  13 komodo dragons
  10 rime drakes
  13 yaktaurs
  A freezing wraith (D:14)
  A tengu conjurer (D:13)
  2 efreet (D:11)
  2 trolls (D:11)
  2 polar bears
  A meliai (Lair:3)
  Grinder (D:3)
  6 hornets
  5 tyrant leeches
  8 dream sheep (Lair:5)
  5 blink frogs
  4 raiju (Abyss:2)
  31 slime creatures
  2 spectral elephants (Lair:5)
  A jumping spider (Vaults:1)
  A culicivora (Vaults:3)
  9 spriggans
  13 wyverns
  A vampire (D:6)
  3 small abominations (Gauntlet)
  2 wraiths
  A basilisk (shapeshifter) (D:13)
  2 hogs (D:12)
  A yak (shapeshifter) (D:11)
  9 basilisks
  2 redbacks (Vaults:1)
  A steam dragon (D:8)
  46 yaks
  3 death yak simulacra (Lair:5)
  3 vampire mosquitoes (D:13)
  4 spectral cane toads (Lair:5)
  7 swamp worms
  3 acid dragons
  16 water moccasins
  3 ice beasts
  13 orc warriors
  2 sky beasts (D:7)
  3 black bears (D:6)
  4 swamp drakes (Swamp:4)
  An elephant zombie (Lair:5)
  13 ogres
  4 boggarts (Vaults:1)
  6 wolves
  7 centaurs
  3 elephant skeletons (Lair:5)
  4 kobold brigands
  A lemure (D:8)
  16 bullfrogs
  6 scorpions
  3 cane toad simulacra (Lair:5)
  12 wights
  6 killer bees
  2 elephant simulacra (Lair:5)
  An electric eel (Lair:5)
  6 howler monkeys
  A torpor snail simulacrum (Lair:5)
  A komodo dragon simulacrum (Lair:5)
  5 orc priests
  6 hounds
  5 jellies
  10 starcursed masses (Abyss:2)
  An iron imp (Abyss:2)
  Jessica (D:2)
  Natasha (thrice) (D:3)
  A sleepcap (D:5)
  3 iguanas
  13 orc wizards
  7 hell rats (Lair:4)
  A gnoll (Bailey)
  5 adders
  3 shadow imps
  A white imp (D:5)
  3 ufetubi
  3 worms
  2 dart slugs
  43 orcs
  5 bats
  16 endoplasms
  15 giant cockroaches
  9 goblins
  6 hobgoblins
  6 jackals
  7 quokkas
  8 ball pythons
  11 frilled lizards
  28 kobolds
  21 rats
  A butterfly (Lair:4)
1038 creatures vanquished.

Vanquished Creatures (collateral kills)
  A vault warden (Vaults:4)
  A deep troll (Vaults:4)
  An ironbound convoker (Vaults:4)
  A yaktaur (Vaults:4)
4 creatures vanquished.

Vanquished Creatures (others)
  An ironbound preserver (Vaults:1)
  2 wizards
  A human (D:12)
  6 foxfires
10 creatures vanquished.

Grand Total: 1052 creatures vanquished

Notes
Turn   | Place    | Note
-------+----------+-------------------------------------------
     0 | D:1      | rjrrt the Minotaur Berserker began the quest for the Orb.
     0 | D:1      | Reached XP level 1. HP: 19/19 MP: 0/0
    88 | D:1      | Found Ydougott's Book Emporium.
   280 | D:1      | Found Goew Equ's Book Emporium.
   339 | D:1      | Found Byfusomn's General Store.
   393 | D:1      | Reached XP level 2. HP: 26/26 MP: 1/1
   461 | D:1      | Found Hoall's Magic Scroll Boutique.
   527 | D:1      | Found Feqim's Book Emporium.
   775 | D:2      | Noticed Jessica
   781 | D:2      | Killed Jessica
   782 | D:2      | Reached skill level 5 in Axes
   782 | D:2      | Reached XP level 3. HP: 23/31 MP: 2/2
  1145 | D:2      | Reached ** piety under Trog
  1328 | D:1      | Bought a potion of curing for 42 gold pieces
  1360 | D:1      | Bought a scroll of identify for 20 gold pieces
  1501 | D:3      | Reached XP level 4. HP: 39/39 MP: 3/3
  1534 | D:3      | Noticed Grinder
  1537 | D:3      | Killed Grinder
  1538 | D:3      | Reached XP level 5. HP: 45/45 MP: 4/4
  1803 | D:3      | Reached XP level 6. HP: 46/51 MP: 5/5
  2263 | D:3      | Noticed Natasha
  2273 | D:3      | Killed Natasha
  2307 | D:3      | Reached *** piety under Trog
  2313 | D:3      | Found a faded altar of an unknown god.
  2660 | D:3      | Noticed Natasha
  2666 | D:3      | Killed Natasha
  3038 | D:3      | Noticed Natasha
  3049 | D:3      | Killed Natasha
  3295 | D:4      | Found a staircase to the Ecumenical Temple.
  3354 | D:4      | Noticed a yak
  3354 | D:4      | Noticed a yak
  3354 | D:4      | Noticed a yak
  3371 | D:4      | Killed a yak
  3372 | D:4      | Reached skill level 10 in Axes
  3372 | D:4      | Reached XP level 7. HP: 57/57 MP: 6/6
  3382 | D:4      | Killed a yak
  3495 | D:4      | Noticed a yak
  3504 | D:4      | Noticed a yak
  3506 | D:4      | Noticed a yak
  3513 | D:4      | Killed a yak
  3525 | D:4      | Killed a yak
  3526 | D:4      | Reached XP level 8. HP: 50/64 MP: 7/7
  4018 | D:4      | Found a transporter.
  4019 | D:4      | Noticed redkitty's ghost (amateur DrIE)
  4020 | D:4      | Found a transporter.
  4346 | D:5      | Entered Level 5 of the Dungeon
  4362 | D:5      | Found a glowing drain.
  4391 | Sewer    | Entered a sewer
  4542 | Sewer    | Reached **** piety under Trog
  4788 | D:5      | Reached XP level 9. HP: 70/70 MP: 8/8
  5695 | D:6      | Found Sonoij's Antique Armour Boutique.
  5773 | D:6      | Bought a kite shield for 126 gold pieces
  5803 | D:6      | Found a large runed translucent door.
  5803 | D:6      | Found a large runed translucent door.
  5805 | D:6      | Noticed Mickster's ghost (novice HOBe)
  5834 | D:6      | HP: 3/72 [something (5)]
  6039 | D:6      | Reached skill level 1 in Shields
  6109 | D:6      | Noticed Jeremiah
  6125 | D:6      | Killed Jeremiah
  6126 | D:6      | Reached skill level 5 in Fighting
  6461 | D:6      | Reached skill level 5 in Armour
  6825 | D:1      | Bought a scroll of teleportation for 30 gold pieces
  6825 | D:1      | Bought a scroll of blinking for 75 gold pieces
  6825 | D:1      | Bought a scroll of teleportation for 30 gold pieces
  6947 | D:7      | Reached XP level 10. HP: 83/83 MP: 9/9
  7021 | D:7      | Found Ekhlole's Antique Armour Shoppe.
  7373 | D:7      | Reached skill level 15 in Axes
  7608 | D:8      | Reached skill level 5 in Dodging
  7653 | D:8      | Found a flagged portal.
  7702 | Bailey   | Entered a bailey
  7847 | Bailey   | Reached ***** piety under Trog
  8160 | Bailey   | Reached skill level 1 in Throwing
  8810 | D:8      | Noticed Pikel
  8825 | D:8      | Killed Pikel
  8826 | D:8      | Reached skill level 5 in Shields
  9049 | D:9      | Noticed Gastronok
  9063 | D:9      | Killed Gastronok
  9218 | D:9      | Found a staircase to the Lair.
  9336 | D:9      | Reached XP level 11. HP: 91/92 MP: 10/10
  9740 | D:9      | Noticed Harold
  9754 | D:9      | Killed Harold
  9888 | D:9      | Reached skill level 1 in Evocations
 10114 | D:10     | Entered Level 10 of the Dungeon
 10195 | D:10     | Noticed a two-headed ogre
 10218 | D:10     | Killed a two-headed ogre
 10257 | D:10     | Noticed a two-headed ogre
 10264 | D:10     | Killed a two-headed ogre
 10402 | D:10     | Found a shadowy altar of Dithmenos.
 10444 | D:10     | Identified the +6 broad axe of Massacring {heavy, Dex+7}
                  | (Trog gifted it to you on level 10 of the Dungeon)
 10444 | D:10     | Received a gift from Trog
 10956 | Lair:1   | Entered Level 1 of the Lair of Beasts
 11122 | Lair:1   | Noticed a skyshark
 11127 | Lair:1   | Killed a skyshark
 11200 | Lair:1   | Noticed an eight-headed hydra
 11201 | Lair:1   | Found a runed translucent gate.
 11201 | Lair:1   | Found a runed translucent gate.
 11201 | Lair:1   | Found a runed translucent gate.
 11203 | Lair:1   | Noticed Fractals's ghost (journeyman DsSh)
 11370 | Lair:1   | Found a transporter.
 11470 | Lair:1   | Reached XP level 12. HP: 103/103 MP: 11/11
 11631 | Lair:1   | Found a transporter.
 11946 | Lair:2   | Noticed an eight-headed hydra
 11948 | Lair:2   | Noticed a death yak
 11955 | Lair:2   | Killed an eight-headed hydra
 11960 | Lair:2   | Killed a death yak
 11976 | Lair:2   | Identified the +3 triple crossbow of Departure {drain,
                  | Dex+2}
 12029 | Lair:2   | Noticed a six-headed hydra
 12036 | Lair:2   | Killed a seven-headed hydra
 12208 | Lair:2   | Found a staircase to the Swamp.
 12219 | Lair:2   | Noticed a boulder beetle
 12318 | Lair:2   | Noticed a death yak
 12333 | Lair:2   | Killed a death yak
 12364 | Lair:2   | Identified the +3 flail "Ucuruare" {flame, Int+3}
 12409 | Lair:2   | Noticed a five-headed hydra
 12420 | Lair:2   | Killed a five-headed hydra
 12441 | Lair:2   | Reached skill level 10 in Fighting
 12756 | Lair:2   | Noticed a death yak
 12764 | Lair:2   | Killed a death yak
 12765 | Lair:2   | Reached XP level 13. HP: 108/113 MP: 12/12
 12778 | Lair:2   | Reached skill level 10 in Armour
 12781 | Lair:2   | Received a gift from Trog
 13288 | Lair:3   | Found a gate leading to a gauntlet.
 13375 | Gauntlet | Entered a Gauntlet
 13375 | Gauntlet | Found a transporter.
 13385 | Gauntlet | Found a transporter.
 13388 | Gauntlet | Found a transporter.
 13391 | Gauntlet | Found a transporter.
 13392 | Gauntlet | Found a transporter.
 13393 | Gauntlet | Found a large runed translucent door.
 13394 | Gauntlet | Found a large runed translucent door.
 13395 | Gauntlet | Found a transporter.
 13395 | Gauntlet | Found a large runed translucent door.
 13395 | Gauntlet | Found a large runed translucent door.
 13395 | Gauntlet | Found a runed translucent door.
 13396 | Gauntlet | Found a large runed translucent door.
 13397 | Gauntlet | Found a large runed translucent door.
 13398 | Gauntlet | Found a large runed translucent door.
 13398 | Gauntlet | Found a large runed translucent door.
 13399 | Gauntlet | Found a runed translucent gate.
 13399 | Gauntlet | Found a runed translucent gate.
 13400 | Gauntlet | Found a transporter.
 13401 | Gauntlet | Found a transporter.
 13428 | Gauntlet | Found the ring of the Hare {EV+10}
 13432 | Gauntlet | Found a transporter.
 13432 | Gauntlet | Found a transporter.
 13444 | Gauntlet | Found a transporter.
 13459 | Gauntlet | Found a transporter.
 13532 | Gauntlet | Found a runed translucent gate.
 13532 | Gauntlet | Found a runed translucent door.
 13534 | Gauntlet | Found a large runed translucent door.
 13534 | Gauntlet | Found a large runed translucent door.
 13535 | Gauntlet | Found a large runed translucent door.
 13536 | Gauntlet | Found a large runed translucent door.
 13546 | Gauntlet | Found a large runed translucent door.
 13546 | Gauntlet | Found a large runed translucent door.
 13547 | Gauntlet | Found a large runed translucent door.
 13548 | Gauntlet | Found a large runed translucent door.
 13651 | Gauntlet | Reached skill level 10 in Shields
 13695 | Gauntlet | Identified the +12 falchion "Grim Tooth" {vamp, +Blink
                  | Dex+3}
 13695 | Gauntlet | Noticed a minotaur
 13712 | Gauntlet | Killed a minotaur
 13753 | Gauntlet | Identified the staff of Insufficient Pleasure {rPois rF+
                  | rC- Will+ SInv Fire}
 13781 | Lair:3   | Found a hole to the Spider Nest.
 13844 | Lair:3   | Reached skill level 10 in Dodging
 13864 | Lair:3   | Noticed Amaemon
 13871 | Lair:3   | Killed Amaemon
 14535 | Lair:3   | Reached XP level 14. HP: 122/125 MP: 13/13
 14624 | Lair:4   | Received a gift from Trog
 14644 | Lair:4   | Noticed an azure jelly
 14669 | Lair:4   | Killed an azure jelly
 14890 | Lair:4   | Reached ****** piety under Trog
 14922 | Lair:4   | Found a viscous altar of Jiyva.
 14922 | Lair:4   | Found a staircase to the Slime Pits.
 15284 | Lair:5   | Entered Level 5 of the Lair of Beasts
 15357 | Lair:5   | Found a dark tunnel.
 15365 | Volcano  | Entered a volcano
 15428 | Volcano  | Found a burning altar of Makhleb.
 15585 | Lair:5   | Received a gift from Trog
 15991 | Lair:5   | Found a runed translucent gate.
 15991 | Lair:5   | Found a runed translucent gate.
 15993 | Lair:5   | Found a runed translucent gate.
 16018 | Lair:5   | Noticed Moig's ghost (journeyman TrWr)
 16028 | Lair:5   | Killed Moig's ghost
 16323 | Lair:5   | Reached XP level 15. HP: 116/136 MP: 14/14
 17120 | D:11     | Found a staircase to the Orcish Mines.
 17639 | D:11     | Identified the +4 buckler of Virtue {rPois Int+2}
 17753 | D:11     | Identified the +2 robe of Relativism {+Inv}
 17987 | D:11     | Received a gift from Trog
 18159 | D:12     | Found an iron altar of Okawaru.
 18180 | D:12     | Noticed Kirke
 18208 | D:12     | Killed Kirke
 18646 | D:12     | You fall into a shaft and drop 2 floors!
 18712 | D:13     | Noticed Lodul
 18727 | D:13     | Killed Lodul
 18779 | D:12     | Found Okhleg's Book Emporium.
 19611 | D:13     | Found Gairr's Assorted Antiques.
 19619 | D:13     | Bought a sharpened glass wand for 76 gold pieces
 19900 | D:14     | Found a gate to the Vaults.
 19983 | D:14     | Found a portal to a secret trove of treasure.
 20255 | D:14     | Identified the +6 broad axe of Cowardice {flame, rC+ Dex+3}
                  | (Trog gifted it to you on level 14 of the Dungeon)
 20255 | D:14     | Received a gift from Trog
 20493 | D:15     | Entered Level 15 of the Dungeon
 20497 | D:15     | Reached XP level 16. HP: 147/147 MP: 15/15
 20669 | D:15     | Found a staircase to the Depths.
 20692 | D:15     | Noticed Nessos
 20695 | D:15     | Killed Nessos
 21539 | Swamp:1  | Entered Level 1 of the Swamp
 21786 | Swamp:2  | Noticed a thorn hunter
 21795 | Swamp:2  | Killed a thorn hunter
 21796 | Swamp:2  | Reached skill level 15 in Fighting
 22044 | Swamp:4  | Entered Level 4 of the Swamp
 22049 | Swamp:4  | Reached skill level 15 in Armour
 22222 | Swamp:4  | Received a gift from Trog
 22478 | Swamp:4  | Noticed a thorn hunter
 22489 | Swamp:4  | Reached skill level 15 in Shields
 22494 | Swamp:4  | Killed a thorn hunter
 22594 | Swamp:4  | Identified the +4 plate armour of Immorality {Fly rF+++
                  | Int-3 Stlth+}
 22618 | Swamp:4  | Noticed the 27-headed Lernaean hydra
 22627 | Swamp:4  | Killed the 20-headed Lernaean hydra
 22634 | Swamp:4  | Got a decaying rune of Zot
 22678 | Swamp:4  | Noticed Roxanne
 22956 | Vaults:1 | Entered Level 1 of the Vaults
 23159 | Vaults:1 | Reached XP level 17. HP: 101/158 MP: 16/16
 23558 | Vaults:1 | Received a gift from Trog
 23638 | Vaults:1 | You are sucked into a shaft and drop 1 floor!
 23975 | Vaults:2 | Found a staircase to the Crypt.
 24023 | Vaults:2 | Reached skill level 15 in Dodging
 24374 | Vaults:2 | Noticed a sphinx
 24377 | Vaults:2 | Paralysed by a sphinx for 3 turns
 24382 | Vaults:2 | Killed a sphinx
 24382 | Vaults:2 | Received a gift from Trog
 24473 | Vaults:1 | Noticed a sphinx
 24668 | Vaults:1 | Noticed a titan
 24678 | Vaults:1 | Killed a titan
 24870 | Vaults:1 | Noticed Norris
 24879 | Vaults:1 | Killed Norris
 25271 | Vaults:1 | Identified the +9 quarterstaff of the Bedazzling Gods
                  | {heavy, rF- Int+4}
 25359 | Vaults:1 | Reached XP level 18. HP: 158/171 MP: 17/17
 26072 | Vaults:2 | Identified the +5 hand axe "Xudanoak" {flame, rN+} (Trog
                  | gifted it to you on level 2 of the Vaults)
 26072 | Vaults:2 | Received a gift from Trog
 26103 | Vaults:2 | Paralysed by a great orb of eyes for 3 turns
 27325 | Vaults:3 | Found Waeleh's Antique Armour Shop.
 27333 | Vaults:3 | Bought a dazzling plate armour for 868 gold pieces
 27333 | Vaults:3 | Identified the +0 plate armour "Dexkouxi" {-Tele rN+ rCorr
                  | Dex+8 Stlth+} (You bought it in a shop on level 3 of the
                  | Vaults)
 27428 | Vaults:3 | Found Liecvarph's Antique Armour Shop.
 27677 | Vaults:3 | Found Zuaferiu's Weapon Shop.
 27685 | Vaults:3 | Found Ylunovedgh's Antique Weapon Boutique.
 27904 | Vaults:3 | Received a gift from Trog
 28169 | Vaults:4 | Reached XP level 19. HP: 168/183 MP: 18/18
 28546 | Abyss:2  | Cast into level 2 of the Abyss (a wizard)
 28572 | Abyss:2  | Found a corrupted altar of Lugonu.
 28597 | Abyss:2  | Lost intelligence.
 28607 | Abyss:2  | Paralysed by accursed screaming for 1 turns
 28623 | Abyss:2  | Received a gift from Trog
 28639 | Abyss:2  | Noticed a bone dragon
 28646 | Abyss:2  | HP: 6/166 [bone dragon (13)]
 28647 | Abyss:2  | Killed from afar by a daeva

Illustrated notes

Levels and vault maps discovered:
D:1:      tekkud_arrival_beachfront_property, layout_basic, serial_shops,
          nicolae_shop_just_a_little_nook, shop, nicolae_lakefront_shop, shop,
          nicolae_shop_stone
D:2:      layout_basic, serial_glass, glass_columns_b, glass_columns_b,
          minmay_strange_pillars, serial_bayou_pond_d, uniq_jessica
D:3:      layout_loops_corners, basic_ecumenical_altar,
          chequers_serial_rivers_small_3, minmay_rat_hole, uniq_natasha,
          uniq_grinder
D:4:      layout_cave_pods, temple_green, gammafunk_ghost_smash,
          kennysheep_generic_room_8
D:5:      layout_basic, gup_sewer_entry_glass
D:6:      layout_rooms, serial_shops, nicolae_stop_n_shop_1,
          ebering_ghost_disaster_area, uniq_jeremiah
D:7:      layout_loops_ring, serial_shops, nicolae_lakefront_shop
D:8:      layout_loops_ring, enter_bailey_5, uniq_pikel
D:9:      layout_long_grid, david_lair_shrubbed, special_room
          [special_room_orc], uniq_harold, uniq_gastronok
D:10:     layout_basic, mainiacjoe_overflow_chevrons
D:11:     minmay_the_grid_plus_closed [minmay_the_grid_medium_cups,
          minmay_the_grid_outer_circle, minmay_the_grid_aliased_spiral,
          minmay_the_grid_dragon_b, minmay_the_grid_prize_four_corners],
          layout_rooms, kennysheep_nondescript, amcnicky_mini_corridor_feature,
          wad_mini_maze
D:12:     layout_loops_ring, nicolae_take_the_stairs, okawaru_trees_1,
          uniq_kirke
D:13:     layout_basic, serial_shops, nicolae_shop_gibbet_a_chance,
          uniq_jorgrun, uniq_lodul
D:14:     layout_loops_ring, erik_vaults_1, enter_trove_5,
          grunt_decor_one_mirror
D:15:     grunt_enter_depths_giant_problem, layout_stronghold,
          chequers_serial_rivers_room_a, grunt_decor_mini_mirrors, uniq_nessos
Lair:1:   gammafunk_worm_tunnel, layout_cave_pods, gammafunk_ghost_split
Lair:2:   nzn_winding_woodlands_stair_cross [nzn_winding_woodlands_5x15_jagged,
          nzn_winding_woodlands_center_diamonds,
          nzn_winding_woodlands_5x15_pathside_ponds,
          nzn_winding_woodlands_5x5_checkerboard,
          nzn_winding_woodlands_5x5_closed_star,
          nzn_winding_woodlands_5x15_pool, nzn_winding_woodlands_center_garden,
          nzn_winding_woodlands_5x15_longhouse], layout_cellular_growth,
          minmay_swamp_entry_worms, chequers_serial_rivers_large_a
Lair:3:   layout_regular_city, hellmonk_spider_entry_not_the_bees,
          gauntlet_entry_generic, uniq_amaemon
Lair:4:   layout_loops_ring, slime_entry_1, special_room
          [special_room_mythical_zoo], nicolae_lair_time_for_slime,
          lemuel_fruit_fields
Lair:5:   due_jungle_book, layout_loops_ring, gammafunk_ghost_icy,
          enter_volcano_2, serial_bayou_shore_a, lemuel_fruit_tree
Swamp:1:  layout_basic_swamp, evilmike_swamp_ruin_rubble_1,
          infiniplex_staircase_pool
Swamp:2:  layout_basic_swamp, nicolae_swamp_oxbows
Swamp:3:  layout_basic_swamp, hangedman_swamp_cone
Swamp:4:  grunt_swamp_rune_castle, layout_basic_swamp, swamp_pool2, uniq_roxanne
Vaults:1: hangedman_vaults_slice, grunt_vaults_diagonal, nicolae_vaults_house_3,
          nicolae_vaults_murder_corner, nicolae_vaults_what_the_h,
          ontoclasm_vaults_shuriken, nicolae_vaults_more_shelving_2,
          nicolae_vaults_house_1, ontoclasm_vaults_fault, v_misc_3,
          layout_vaults_quadrants, uniq_norris
Vaults:2: hangedman_vaults_snaps, hangedman_vaults_nodes,
          nicolae_vaults_network_periphery, v_misc_9, vaults_mumra_chevron,
          v_rooms_5, v_rooms_5, nicolae_vaults_shipping_containers_3,
          nicolae_vaults_house_2, vaults_room_ringed_pool,
          minmay_crypt_entry_simple_walls, v_misc_17,
          nicolae_vaults_apartment_2, nicolae_vaults_tetromino_Z_1,
          nicolae_vaults_trapezoid_3, vaults_dpeg_spiral, vaults_dpeg_diagonal,
          layout_vaults_omnibox
Vaults:3: v_misc_30, hangedman_vaults_pinch, nicolae_vaults_tetromino_Z_2,
          v_pattern_5, vaults_room_stairs_pillars,
          nicolae_vaults_ring_of_whatevers, nicolae_vaults_diamond_2,
          ontoclasm_vaults_chip, grunt_vaults_hallway_short, serial_ice_b,
          nicolae_vaults_house_1, layout_vaults_chaotic_city, serial_shops,
          nicolae_diamond_shop, nicolae_shop_trees, shop,
          nicolae_shop_bloodbath_and_beyond
Vaults:4: v_misc_22, nicolae_vaults_taking_the_gang_shopping,
          nicolae_vaults_shrinking_rooms_1, nicolae_vaults_oval_intersection,
          nicolae_vaults_two_Ls, v_rooms_4, nicolae_vaults_crenellated_ambush,
          nicolae_vaults_offset_grid_hallway_3, vaults_mumra_hex,
          nicolae_vaults_diamond_1, grunt_vaults_swirl, vaults_room_pools,
          v_misc_4, vaults_room_grid, layout_vaults_ring, uniq_mara
Abyss:2:  base: Lair:5, spicy_abyss_pitcher_plant

Skill      XL: |  1  2  3  4  5  6  7  8  9 10 11 12 13 14 15 16 17 18 19 |
---------------+----------------------------------------------------------+-----
Axes           | 4 5 6 8 10 11 14 15 16 17 18 19 20 | 20.0
Fighting       | 5 7 8 10 11 13 14 16 17 19 20 | 20.1
Armour         | 5 6 8 9 11 13 14 15 17 19 | 19.8
Dodging        | 4 6 7 8 10 11 13 14 16 17 18 | 18.2
Shields        | 3 5 7 8 10 12 13 15 | 15.2
Throwing       | 2 4 |  4.0
Evocations     | 2 4 |  4.0

Action                     |  1- 3 |  4- 6 |  7- 9 | 10-12 | 13-15 | 16-18 | 19-21 || total
---------------------------+-------+-------+-------+-------+-------+-------+-------++-------
  Melee: Hand axe          |    54 |   117 |   201 |       |       |       |       ||   372
         Headbutt          |    13 |    23 |    45 |   105 |   157 |   271 |    41 ||   655
         Punch             |     1 |       |     3 |       |       |       |       ||     4
         War axe           |       |       |    92 |   324 |       |       |       ||   416
         Trident           |       |       |       |    20 |     7 |       |       ||    27
         Broad axe         |       |       |       |   137 |   703 |   917 |   145 ||  1902
         Unarmed           |       |       |       |       |    22 |       |       ||    22
  Throw: Boomerang         |       |       |       |    25 |       |       |       ||    25
 Invoke: Berserk           |     1 |     1 |     5 |     7 |     5 |     8 |     2 ||    29
         Brothers in Arms  |       |       |     1 |       |       |     1 |       ||     2
         Trog's Hand       |       |       |       |       |       |     1 |       ||     1
  Evoke: Wand              |       |       |       |       |     1 |       |       ||     1
    Use: Scroll            |     7 |     2 |     5 |     9 |    10 |     2 |       ||    35
         Potion            |       |       |     2 |       |     3 |       |       ||     5
   Stab: Petrified         |       |       |       |       |     4 |       |       ||     4
         Distracted        |       |       |       |       |     1 |       |       ||     1
         Confused          |       |       |       |       |       |     1 |       ||     1
 Armour: Ring mail         |    18 |    31 |       |       |       |       |       ||    49
         Scale mail        |       |    10 |   110 |    42 |   149 |    79 |       ||   390
         Chain mail        |       |       |       |   175 |    32 |       |       ||   207
         Plate armour      |       |       |       |       |       |   175 |    31 ||   206
  Dodge: Dodged            |    29 |    46 |    92 |   173 |   540 |   684 |    64 ||  1628
  Block: Kite shield       |       |       |    21 |   178 |   441 |    20 |       ||   660
         Buckler           |       |       |       |       |       |   437 |    53 ||   490

Table legend: (Time is in decaauts)
 A = Elapsed time spent in this place.
 B = Non-inter-level travel time spent in this place.
 C = Inter-level travel time spent in this place.
 D = Time resting spent in this place.
 E = Time spent auto-exploring this place.
 F = Levels seen in this place.
 G = Mean time per level.
                   A        B        C        D        E       F      G
               +--------+--------+--------+--------+--------+-----+--------+
         Total |  28771 |  26582 |   2189 |   2768 |  13431 |  33 |  871.8 |
       Dungeon |  14818 |  13056 |   1762 |    958 |   8422 |  15 |  987.9 |
          Lair |   5646 |   5327 |    319 |    267 |   2982 |   5 | 1129.2 |
         Swamp |   1231 |   1183 |     48 |    523 |     14 |   4 |  307.8 |
        Vaults |   5426 |   5367 |     59 |    836 |   1992 |   4 | 1356.5 |
         Abyss |    110 |    110 |      0 |      0 |      0 |   1 |  110.0 |
         Sewer |    368 |    368 |      0 |      0 |      0 |   1 |  368.0 |
        Bailey |    585 |    585 |      0 |    139 |     21 |   1 |  585.0 |
       Volcano |    181 |    181 |      0 |     25 |      0 |   1 |  181.0 |
      Gauntlet |    402 |    402 |      0 |     19 |      0 |   1 |  402.0 |
               +--------+--------+--------+--------+--------+-----+--------+

Top non-repeatable levels by time:
Vaults:2: 1937 daAuts
Vaults:1: 1743 daAuts
     D:3: 1674 daAuts
  Lair:5: 1443 daAuts
  Lair:2: 1408 daAuts
     D:5: 1373 daAuts
     D:9: 1332 daAuts
Vaults:3: 1274 daAuts
     D:4: 1245 daAuts
    D:11: 1155 daAuts
  Lair:1: 1044 daAuts
     D:8: 928 daAuts
  Lair:4: 903 daAuts
     D:1: 901 daAuts
    D:13: 893 daAuts
